 Dungeon Crawl Stone Soup version 0.22.1-1-ga44c0e5 (webtiles) character file.

19 redwoodhats the Vexing (level 2, -5/23 HPs)
             Began as a Gnoll Arcane Marksman on Oct 23, 2018.
             Killed from afar by a dart slug (6 damage)
             ... with a slug dart
             ... on level 2 of the Dungeon.
             The game lasted 00:03:44 (733 turns).

redwoodhats the Vexing (Gnoll Arcane Marksman)       Turns: 733, Time: 00:03:45

Health: -5/23      AC:  2    Str: 12    XL:     2   Next: 75%
Magic:  4/5        EV: 14    Int: 15    God:
Gold:   55         SH:  0    Dex: 15    Spells: 5/6 levels left

rFire    . . .     SeeInvis .   a - +0 hand crossbow
rCold    . . .     Gourm    .   (no shield)
rNeg     . . .     Faith    .   e - +0 robe
rPois    .         Spirit   .   (no helmet)
rElec    .         Reflect  .   (no cloak)
rCorr    .         Harm     .   (no gloves)
MR       .....                  (no boots)
Stlth    ++........             (no amulet)
HPRegen  0.07/turn              (no ring)
MPRegen  0.09/turn              (no ring)

@: lethally poisoned (-5 -> -15)
A: distributed training, fangs 1, strong nose
a: no special abilities


You were on level 2 of the Dungeon.
You were not hungry.

You visited 1 branch of the dungeon, and saw 2 of its levels.

You collected 55 gold pieces.

Inventory:

Hand Weapons
 a - a +0 hand crossbow (weapon)
 c - a +0 spear
Missiles
 b - 40 sling bullets
 d - 10 bolts (quivered)
 j - 39 stones
Armour
 e - a +0 robe (worn)
Scrolls
 k - a scroll of immolation
Potions
 h - a potion of heal wounds
Comestibles
 f - 4 rations


   Skills:
 + Level 2.5 Fighting
 + Level 0.5 Short Blades
 + Level 0.5 Long Blades
 + Level 0.5 Axes
 + Level 0.5 Maces & Flails
 + Level 0.5 Polearms
 + Level 0.5 Staves
 + Level 0.5 Slings
 + Level 0.5 Bows
 + Level 4.5 Crossbows
 + Level 0.5 Throwing
 + Level 0.5 Armour
 + Level 4.5 Dodging
 + Level 0.5 Stealth
 + Level 0.5 Shields
 + Level 0.5 Unarmed Combat
 + Level 2.7 Spellcasting
 + Level 0.3 Conjurations
 + Level 5.3 Hexes
 + Level 0.3 Charms
 + Level 0.3 Summonings
 + Level 0.3 Necromancy
 + Level 0.3 Translocations
 + Level 0.3 Transmutations
 + Level 0.3 Fire Magic
 + Level 0.3 Ice Magic
 + Level 0.3 Air Magic
 + Level 0.3 Earth Magic
 + Level 0.3 Poison Magic
 + Level 0.6 Invocations
 + Level 0.5 Evocations


You had 5 spell levels left.
You knew the following spells:

 Your Spells              Type           Power        Failure   Level  Hunger
a - Corona                Hex            ###....      2%          1    #......

Your spell library contained the following spells:

 Spells                   Type           Power        Failure   Level  Hunger
 Slow                     Hex            ###.....     3%          2    ##.....
 Inner Flame              Hex/Fire       ##......     19%         3    ###....
 Portal Projectile        Hex/Tloc       ##....       19%         3    ###....
 Cause Fear               Hex            ###.......   22%         4    #####..
 Leda's Liquefaction      Hex/Erth       ##........   54%         4    #####..


Dungeon Overview and Level Annotations

Branches:
Dungeon (2/15)

Altars:
Gozag


Innate Abilities, Weirdness & Mutations

Your experience applies equally to all skills.
You have very sharp teeth.
Your uncanny sense of smell can sniff out nearby items.


Message History

* * * LOW HITPOINT WARNING * * *
You feel sick. The adder closely misses you.
Firing (i - inventory. (/) - cycle)
d - 12 bolts (quivered)
Press: ? - help, Shift-Dir - straight line, f/p - adder
Aim: an adder (lightly wounded, softly glowing)
You shoot a bolt. The bolt closely misses the adder.
* * * LOW HITPOINT WARNING * * *
You feel sick. The adder barely misses you. The adder closely misses you.
Firing (i - inventory. (/) - cycle)
d - 11 bolts (quivered)
Press: ? - help, Shift-Dir - straight line, f/p - adder
Aim: an adder (lightly wounded, softly glowing)
You shoot a bolt. The bolt hits the adder.
The adder is heavily wounded.
The adder bites you.
* * * LOW HITPOINT WARNING * * *
You are more poisoned.
The adder poisons you! The dart slug launches a dart at you.
The slug dart hits you!
You die...

#......# #......# #......#
#......# # ##......## ######
#. .w....... ......
#.#####.._...# .....##
#(....S@....######......
#####..######.#....#.##...
...#..######.........+..)
#####.#.......S....#.#.##...
.).......#............[.....
#####.#..#.####P#.#....##...
...#..#.#...PP.#..####...
### #....#................
#....+PP....#.########


You could see an adder and a dart slug.

Vanquished Creatures
  A worm (D:2)
  2 giant cockroaches
  2 hobgoblins
  3 bats
  2 frilled lizards
  3 goblins (D:1)
  2 kobolds
  2 rats (D:1)
17 creatures vanquished.

Notes
Turn   | Place    | Note
-------+----------+-------------------------------------------
     0 | D:1      | redwoodhats the Gnoll Arcane Marksman began the quest for
                  | the Orb.
     0 | D:1      | Reached XP level 1. HP: 17/17 MP: 4/4
   326 | D:1      | Reached XP level 2. HP: 14/23 MP: 5/5
   679 | D:2      | Found an opulent altar of Gozag.
   733 | D:2      | HP: 1/23 [adder (4)]
   733 | D:2      | Killed from afar by a dart slug

Action                   || total
-------------------------++-------
Melee: Hand crossbow     ||     5
       Bite              ||     1
 Fire: Hand crossbow     ||    38
 Cast: Corona            ||     7
  Use: Scroll            ||     2
       Potion            ||     1
Armor: Robe              ||     4
Dodge: Dodged            ||    17
